 Dungeon Crawl Stone Soup version 0.27.1-33-g824d729ab1 (webtiles) character file.

Game seed: 17117095912384962153

37 lordive the Insei (level 3, -3/26 HPs)
             Began as a Demonspawn Transmuter on Dec 27, 2021.
             Killed from afar by an orc wizard (4 damage)
             ... with a magic dart
             ... on level 1 of the Dungeon.
             The game lasted 00:02:27 (1525 turns).

lordive the Insei (Demonspawn Transmuter)           Turns: 1525, Time: 00:02:27

Health: -3/26      AC:  5    Str: 10    XL:     3   Next: 23%
Magic:  5/6        EV: 12    Int: 15    God:
Gold:   0          SH:  0    Dex: 13    Spells: 5/6 levels left

rFire    . . .     SeeInvis .     - Unarmed
rCold    . . .     Faith    .   (no shield)
rNeg     . . .     Spirit   .   a - +0 robe
rPois    .         Reflect  .   (helmet currently unavailable)
rElec    .         Harm     .   (no cloak)
rCorr    .         Rampage  .   (no gloves)
Will     .....                  (boots currently unavailable)
Stlth    +.........             (no amulet)
HPRegen  0.08/turn              (no ring)
MPRegen  0.10/turn              (no ring)

@: appendages
A: horns 2, talons 2, icy blue scales 2
a: End Transformation


You were on level 1 of the Dungeon.
You had temporarily grown beastly horns and talons.
You visited 1 branch of the dungeon, and saw 2 of its levels.

Inventory:

Armour
 a - a +0 robe (worn)
Potions
 b - a potion of attraction {unknown}
 c - a potion of might {unknown}


   Skills:
 + Level 1.1 Fighting
 + Level 2.2 Dodging
 + Level 3.3 Unarmed Combat
 + Level 2.3 Spellcasting
 + Level 1.8 Transmutations


You had 5 spell levels left.
You knew the following spells:

 Your Spells              Type           Power      Damage    Failure   Level
a - Beastly Appendage     Tmut           14%        N/A       10%         1

Your spell library contained the following spells:

 Spells                   Type           Power      Damage    Failure   Level
 Wereblood                Tmut           7%         N/A       16%         2
 Spider Form              Tmut/Pois      2%         N/A       41%         3
 Ice Form                 Ice/Tmut       4%         N/A       82%         4


Dungeon Overview and Level Annotations

Branches:
Dungeon (2/15)

Altars:


Innate Abilities, Weirdness & Mutations

You have temporarily grown beastly horns and talons.
You are mostly covered in icy blue scales. (AC +3)


Message History

You are too injured to fight recklessly!
You are too injured to fight recklessly!
You are too injured to fight recklessly!
You are too injured to fight recklessly!
Unknown command.
You are too injured to fight recklessly!
You hear some strange, mumbled words.
A puff of flame appears from out of thin air!
The puff of flame hits you but does no damage.
You hit the orc.
You kill the orc!
You hear some strange, mumbled words.
Something tries to affect you, but you resist.
The orc hits you with a +0 trident!
* * * LOW HITPOINT WARNING * * *
Something hits you but does no damage.
Things that are here:
a +0 flail; a scroll labelled BERACA SOAWO The orc hits you from afar with a +0 trident.
* * * LOW HITPOINT WARNING * * *
There is a stone staircase leading up here.
You see here a ball python corpse.
Something hits you but does no damage.
You climb upwards.
Reactivating autopickup.
There is a stone staircase leading down here.
Casting: Beastly Appendage (safe; 10% risk of failure)
Confirm with . or Enter, or press ? or * to list all spells.
You grow a pair of large bovine horns.
Your feet morph into talons.
Something hits you but does no damage.
Deactivating autopickup; reactivate with Ctrl-A.
You barely miss something. Your kick misses something.
Your headbutt misses something. Something hits you but does no damage.
You hit something. You claw something. Something hits you.
* * * LOW HITPOINT WARNING * * *
You miss something.
You hear some strange, mumbled words.
A magic dart appears from out of thin air!
The magic dart hits you.
You die...

'#.###.#.# #.#
.....#...# #.#
..##.#...# #.#
..##.#...# #.#
..##.#(..# #.#
.###.##.## #.# .#
#.##..# #.#
.###.###.#######.#
................@#
####...##.###..{##
####......#...###
........#...###
.###.####.### .#
#......# .#
######## .# .#


There were no monsters in sight!

Vanquished Creatures
  A dart slug (D:1)
  2 orcs (D:2)
  An endoplasm (D:1)
  A giant cockroach (D:1)
  A goblin (D:2)
  3 hobgoblins (D:1)
  2 jackals (D:1)
  3 ball pythons
  4 bats (D:1)
  12 frilled lizards (D:1)
  2 kobolds (D:1)
  3 rats (D:1)
35 creatures vanquished.

Vanquished Creatures (others)
  5 plants (D:1)
5 creatures vanquished.

Grand Total: 40 creatures vanquished

Notes
Turn   | Place    | Note
-------+----------+-------------------------------------------
     0 | D:1      | lordive the Demonspawn Transmuter began the quest for the
                  | Orb.
     0 | D:1      | Reached XP level 1. HP: 15/15 MP: 3/3
   617 | D:1      | Gained mutation: You are partially covered in icy blue
                  | scales. (AC +2) [demonic ancestry]
   617 | D:1      | Reached XP level 2. HP: 21/21 MP: 3/5
   689 | D:1      | Reached skill level 3 in Unarmed Combat
  1368 | D:1      | Gained mutation: You are mostly covered in icy blue scales.
                  | (AC +3) [demonic ancestry]
  1368 | D:1      | Reached XP level 3. HP: 26/26 MP: 4/6
  1517 | D:2      | HP: 1/26 [orc (4)]
  1524 | D:1      | HP: 1/26 [something (1)]
  1525 | D:1      | Killed from afar by an orc wizard

Illustrated notes

Levels and vault maps discovered:
D:1:      minmay_arrival_widening_spiral_wide, layout_basic,
          columned_hall_lemuel, minmay_lizard_king
D:2:      layout_basic, kennysheep_another_room, lightli_corner_chamber

Skill      XL: |  1  2 |
---------------+-------+-----
Dodging        | 2 |  2.2
Unarmed Combat | 3 |  3.3
Fighting       | |  1.1
Spellcasting   | |  2.3
Transmutations | |  1.8

Action                   || total
-------------------------++-------
Melee: Unarmed           ||    96
       Kick              ||    16
       Headbutt          ||     8
 Cast: Beastly Appendage ||    21
Armor: Robe              ||    45
Dodge: Dodged            ||    62
